 Dungeon Crawl Stone Soup version 0.31-a0-702-gf82c85558f (webtiles) character file.

Game seed: 8125498562264719567

324 qw the Shooter (level 6, -14/38 HPs)
             Began as a Gargoyle Hunter on Sept 7, 2023.
             Was an Initiate of Okawaru.
             Demolished by Menkaure (20 damage)
             ... on level 4 of the Dungeon.
             The game lasted 00:01:18 (2761 turns).

qw the Shooter (Gargoyle Hunter)                    Turns: 2761, Time: 00:01:18

Health: -14/38     AC: 10    Str: 15      XL:     6   Next: 48%
Magic:  6/6        EV: 11    Int:  9      God:    Okawaru [......]
Gold:   105        SH:  0    Dex: 14 (15) Spells: 5/5 levels left

rFire   . . .        Y - +0 shortbow
rCold   . . .        (shield currently unavailable)
rNeg    + . .        k - +0 ring mail
rPois   inf          g - +0 helmet
rElec   +            (no cloak)
rCorr   .            (no gloves)
SInv    .            (no boots)
Will    .....        l - amulet of the acrobat
Stlth   +            (no ring)
HPRegen 0.26/turn    (no ring)
MPRegen 0.10/turn

%: acrobat
@: no status effects
A: sickness immunity, AC +4, negative energy resistance 1, electricity
resistance, torment resistance 1, petrification resistance
a: Renounce Religion


You were on level 4 of the Dungeon.
You worshipped Okawaru.
Okawaru was noncommittal.
You visited 1 branch of the dungeon, and saw 4 of its levels.
You also visited: Ossuary.

You collected 105 gold pieces.


Innate Abilities, Weirdness & Mutations

You are immune to sickness and miasma.
Your stone body is resilient. (AC +4)
You are immune to poison.
You resist negative energy. (rN+)
You are resistant to electric shocks. (rElec)
You are resistant to unholy torment.
You are immune to petrification.


   Skills:
 - Level 4.0 Fighting
 + Level 6.7 Ranged Weapons
 - Level 1.3 Armour
 - Level 1.5 Dodging
 - Level 1.1 Stealth


You had 5 spell levels left.
You didn't know any spells.
Your spell library was empty.

Inventory:

Hand Weapons
 Y - a +0 shortbow (weapon)
Armour
 g - a +0 helmet (worn)
 k - a +0 ring mail (worn)
Jewellery
 l - an amulet of the acrobat (around neck)
Scrolls
 a - a scroll of fear {unknown}
 c - a scroll of identify
 h - a scroll of torment {unknown}
Potions
 b - a potion of haste {unknown}
 d - a potion of heal wounds {unknown}
 e - a potion of enlightenment {unknown}
 f - a potion of curing {unknown}
 i - a potion of resistance {unknown}
 n - 3 potions of might {unknown}

Dungeon Overview and Level Annotations

Branches:
Dungeon (4/15)            Ossuary (visited)
 Temple: D:4-7

Altars:
Fedhas
Gozag
Okawaru
Qazlal

Annotations:
D:4 Menkaure


Message History

Found a stone staircase leading up.
Enter note:
i - a clear potion
Found a stone staircase leading down.
Enter note:
There is a stone staircase leading down here.
There is a stone staircase leading down here.
Menkaure, Prince of Dust comes into view.
Menkaure shouts!
Menkaure mumbles some strange words.
Menkaure seems to speed up.
Enter note:
Enter note: You shoot an arrow.
The arrow barely misses Menkaure.
You shoot an arrow.
The arrow hits Menkaure but does no damage.
You shoot an arrow. The arrow barely misses Menkaure.
Menkaure gestures at you while chanting.
Pain shoots through your body!
You shoot an arrow.
The arrow hits Menkaure but does no damage.
You shoot an arrow. The arrow barely misses Menkaure.
Menkaure calls on the powers of darkness!
Your body is wracked with pain!
You shoot an arrow. The arrow hits Menkaure.
Menkaure is lightly damaged.
You shoot an arrow. The arrow hits Menkaure.
Menkaure is moderately damaged.
Menkaure misses you. Menkaure hits you but does no damage.
You shoot an arrow. The arrow hits Menkaure.
Menkaure is moderately damaged.
Menkaure hits you!
You shoot an arrow. The arrow completely misses Menkaure.
Menkaure casts a spell at you. Pain shoots through your body!
Menkaure hits you.
You shoot an arrow. The arrow hits Menkaure.
Menkaure is heavily damaged.
Menkaure hits you!!
Ouch! That really hurt!
You die...

#.#...########
#.#.### ##.#.# #.
#.## #. #..# #.
##.# #. #.#
######.###.#######
.....$M@.........#
##########.##....#
#... .....
####....#. .#.#
.... # #


You could see Menkaure (fast).

Vanquished Creatures
  A scorpion (D:4)
  2 hounds
  3 gnolls (D:3)
  8 adders
  A worm (D:2)
  2 dart slugs
  An orc (D:4)
  7 bats
  12 endoplasms
  3 giant cockroaches
  10 goblins
  7 hobgoblins
  3 jackals (D:1)
  4 kobolds
  2 quokkas
  7 ball pythons
  3 frilled lizards
  6 hobgoblin zombies (Ossuary)
  5 kobold zombies (Ossuary)
  9 orc zombies (Ossuary)
  4 rats
100 creatures vanquished.

Notes
Turn   | Place    | Note
-------+----------+-------------------------------------------
     0 | D:1      | qw the Gargoyle Hunter began the quest for the Orb.
     0 | D:1      | Reached XP level 1. HP: 12/12 MP: 1/1
     0 | D:1      | 0 ||| qw: Version: 0.3-a-76-g4403597
     0 | D:1      | 0 ||| qw: Game counter: 758
     0 | D:1      | 0 ||| qw: Melee chars always use a shield: true
     0 | D:1      | 0 ||| qw: God list: Okawaru
     0 | D:1      | 0 ||| qw: Allow faded altars: false
     0 | D:1      | 0 ||| qw: Do Orc after clearing Dungeon:15 true
     0 | D:1      | 0 ||| qw: Do second Lair branch before Depths: true
     0 | D:1      | 0 ||| qw: Lair rune preference: random
     0 | D:1      | 0 ||| qw: Goals: Normal
     0 | D:1      | 0 ||| PLANNING D:1-11
   195 | D:1      | Reached XP level 2. HP: 16/17 MP: 2/2
   432 | D:1      | Reached XP level 3. HP: 21/21 MP: 3/3
   563 | D:1      | Reached skill level 5 in Ranged Weapons
   875 | D:1      | 875 ||| UPGRADING to +0 helmet.
   880 | D:1      | 880 ||| UPGRADING to +0 ring mail.
   890 | D:1      | 890 ||| DROPPING +0 leather armour.
   891 | D:1      | 891 ||| UPGRADING to amulet of the acrobat.
   896 | D:1      | 896 ||| DROPPING ring of wizardry.
   897 | D:1      | 897 ||| READING scroll labelled HUCIQU JUBRIV.
   898 | D:1      | 898 ||| READING scroll labelled QENKUXZ MUAQO.
   899 | D:1      | 899 ||| READING scroll labelled QAD KOUMPUURR.
   900 | D:1      | 900 ||| READING scroll labelled UFYHESTR SAUB.
   901 | D:1      | 901 ||| READING scroll labelled JELYIL WOZXIM.
   902 | D:1      | 902 ||| DROPPING scroll of butterflies.
   924 | D:2      | Found a faded altar of an unknown god.
   997 | D:2      | Reached skill level 1 in Armour
  1034 | D:2      | Reached XP level 4. HP: 26/27 MP: 4/4
  1035 | D:2      | Reached skill level 3 in Fighting
  1400 | D:2      | 1400 ||| DRINKING 2 metallic dark potions.
  1401 | D:2      | 1401 ||| DROPPING potion of degeneration.
  1555 | D:3      | Reached XP level 5. HP: 28/32 MP: 5/5
  1718 | D:3      | Identified the +5 short sword of Sollisuvu {freeze, rPois}
  1781 | D:3      | Found an iron altar of Okawaru.
  1782 | D:3      | 1782 ||| PLANNING OKAWARU WORSHIP
  1782 | D:3      | 1782 ||| READING scroll labelled TAECKY LOIQUTIRCHAGH.
  1787 | D:3      | Became a worshipper of Warmaster Okawaru
  1788 | D:3      | 1788 ||| PLANNING D:1-11
  1923 | D:3      | Found an opulent altar of Gozag.
  1928 | D:3      | Found a blossoming altar of Fedhas.
  1928 | D:3      | Found a stormy altar of Qazlal.
  1998 | D:3      | Reached skill level 6 in Ranged Weapons
  2180 | D:3      | 2180 ||| READING scroll labelled JAJUESODIO.
  2216 | D:4      | 2216 ||| PLANNING OSSUARY
  2217 | D:4      | 2217 ||| STAIRDANCE
  2243 | D:4      | 2243 ||| STAIRDANCE
  2258 | D:4      | Found a sand-covered staircase.
  2267 | Ossuary  | Entered an ossuary
  2328 | Ossuary  | Reached XP level 6. HP: 38/38 MP: 6/6
  2388 | D:4      | 2388 ||| PLANNING D:1-11
  2751 | D:4      | Noticed Menkaure
  2760 | D:4      | HP: 6/38 [Menkaure (5)]
  2761 | D:4      | Demolished by Menkaure

Levels and vault maps discovered:
D:1:      lemuel_arrival_lava_pool, layout_loops_corners, corner_web_ring,
          minmay_misc_feat_diagonals
D:2:      layout_basic, dreamdust_ecumenical_altar_grove
D:3:      layout_loops_ring, mainiacjoe_overflow_24_doors,
          chequers_temple_overflow_statue_of_worship
D:4:      layout_loops_ring, lemuel_round_altar, nicolae_ossuary_entry_ruins,
          uniq_menkaure

Skill      XL: |  1  2  3  4  5 |
---------------+----------------+-----
Ranged Weapons | 5 6 |  6.7
Armour         | 1 |  1.3
Fighting       | 3 4 |  4.0
Dodging        | |  1.5
Stealth        | |  1.1

Action                     |  1- 3 |  4- 6 || total
---------------------------+-------+-------++-------
   Fire: Shortbow          |    90 |   245 ||   335
    Use: Scroll            |     5 |     2 ||     7
         Potion            |       |     1 ||     1
 Armour: Leather armour    |    11 |       ||    11
         Ring mail         |     6 |   112 ||   118
  Dodge: Dodged            |    19 |    87 ||   106

Table legend:
 A = Non-vault XP
 B = Vault XP
 C = Vault XP percentage of total XP
 D = Non-vault monster count
 E = Vault monster count
 F = Vault count percentage of total count
                 A         B        C        D         E       F
            +---------+---------+-------+---------+---------+-------
      Total |     444 |      20 |   4.3 |      80 |      20 |  20.0
            +---------+---------+-------+---------+---------+-------
        D:1 |      54 |       0 |   0.0 |      30 |       0 |   0.0
        D:2 |      93 |       0 |   0.0 |      24 |       0 |   0.0
        D:3 |     147 |       0 |   0.0 |      19 |       0 |   0.0
        D:4 |     150 |       0 |   0.0 |       7 |       0 |   0.0
    Ossuary |       0 |      20 | 100.0 |       0 |      20 | 100.0
            +---------+---------+-------+---------+---------+-------
